 Dungeon Crawl Stone Soup version 0.29.1-12-g30fa7ad0bf (webtiles) character file.

Game seed: 3615480661453472078

23410 javelincjr the Thaumaturge (level 13, 0/85 HPs)
             Began as a Djinni Conjurer on Dec 16, 2022.
             Killed from afar by Fannar (58 damage)
             ... with a bolt of cold
             ... on level 3 of the Lair of Beasts.
             The game lasted 02:01:59 (18462 turns).

javelincjr the Thaumaturge (Djinni Conjurer)       Turns: 18462, Time: 02:02:03

Health: 0/85       AC: 20    Str:  8    XL:     13   Next: 35%
Gold:   1527       EV: 12    Int: 23    God:
                   SH:  0    Dex: 12

rFire   + + .      SeeInvis .   J - +1 shortbow (freeze)
rCold   x . .      Faith    .   (shield currently unavailable)
rNeg    . . .      Spirit   .   C - +1 swamp dragon scales
rPois   ∞          Reflect  .   w - +2 helmet
rElec   .          Harm     .   d - scarf {repulsion}
rCorr   .          Rampage  .   y - +2 pair of gloves
Will    +....                   (boots unavailable)
Stlth   ++........              (no amulet)
HPRegen 0.24/turn               D - +4 ring of protection
MPRegen 0.00/turn               (no ring)

@: flying, repel missiles
A: sickness immunity, fire resistance 2, cold vulnerability 1, float, innate
caster, HP casting, extra vitality 1
a: no special abilities


You were on level 3 of the Lair of Beasts.
You visited 2 branches of the dungeon, and saw 13 of its levels.
You also visited: Sewer, Ossuary and Bailey.

You collected 1527 gold pieces.

Inventory:

Hand Weapons
 j - a +1 dagger of holy wrath
 p - a +4 quarterstaff of chaos
 s - a +3 dagger of venom
 B - a +1 dagger of protection
 J - a +1 shortbow of freezing (weapon)
 Q - a +7 trident of venom
Missiles
 c - 106 stones
 q - 13 poisoned darts
 u - 21 boomerangs
 z - 6 datura-tipped darts
 H - 2 curare-tipped darts
Armour
 d - a scarf of repulsion (worn)
 e - +0 acid dragon scales
 w - a +2 helmet (worn)
 y - a +2 pair of gloves (worn)
 C - +1 swamp dragon scales (worn)
 I - an orb of guile
 Z - a +2 leather armour of cold resistance
Magical Staves
 x - a staff of cold
Jewellery
 D - a +4 ring of protection (left hand)
Wands
 b - a wand of digging (8)
 v - a wand of light (12)
 A - a wand of polymorph (20)
 L - a wand of paralysis (19)
 U - a wand of roots (4)
 X - a wand of flame (25)
 Y - a wand of mindburst (11)
Scrolls
 f - 5 scrolls of blinking
 g - 4 scrolls of teleportation
 t - 6 scrolls of fog
 G - a scroll of poison
 O - a scroll of identify
 T - 2 scrolls of fear
Potions
 a - a potion of berserk rage
 h - 3 potions of curing
 i - 5 potions of heal wounds
 k - 5 potions of magic
 l - 3 potions of ambrosia
 m - a potion of invisibility
 n - 2 potions of haste {unknown}
 o - 4 potions of brilliance {unknown}
 r - 4 potions of might {unknown}
 F - 3 potions of mutation {unknown}
 K - 3 potions of degeneration {unknown}
 M - a potion of attraction {unknown}
 N - 3 potions of lignification {unknown}
Miscellaneous
 E - a condenser vane


   Skills:
 + Level 5.1 Fighting
 + Level 5.5 Short Blades
 + Level 3.8 Staves
 + Level 2.3 Ranged Weapons
 + Level 5.0 Armour
 + Level 8.5 Dodging
 + Level 5.3 Stealth
 + Level 12.8 Spellcasting
 + Level 1.3 Evocations


You had 4 spell levels left.
You knew the following spells:

 Your Spells              Type           Power      Damage    Failure   Level
a - Magic Dart            Conj           100%       1d8       1%          1
b - Searing Ray           Conj           100%       2d8       1%          2
c - Dazzling Flash        Conj/Hex       100%       N/A       1%          3
d - Fulminant Prism       Conj/Hex       32%        3d16      1%          4
e - Iskenderun's Mystic   Conj/Tloc      65%        2d13      1%          4
f - Freeze                Ice            100%       1d11      1%          1
g - Call Imp              Summ           65%        N/A       1%          2
h - Stone Arrow           Conj/Erth      100%       3d13      1%          3
i - Vampiric Draining     Necr           65%        2d10      1%          3
j - Iskenderun's Battles  Conj           65%        2d11      1%          5
k - Agony                 Necr           65%        N/A       1%          5
Your spell library was empty.

Dungeon Overview and Level Annotations

Branches:
Dungeon (10/15)            Temple (0/1) D:7            Lair (3/5) D:9
 Shoals (0/4) Lair:2          Orc (0/2) D:9           Sewer (visited)
Ossuary (visited)          Bailey (visited)
  Snake: Lair:2-3    Spider: Lair:2-3

Altars:
Ashenzari
Cheibriados
Elyvilon
Fedhas
Makhleb
Wu Jian
Xom
The Shining One

Shops:
D:2 [

Annotations:
Lair:3 Amaemon, Fannar


Innate Abilities, Weirdness & Mutations

You are immune to sickness and miasma.
You are immune to poison.
Your flesh is very heat resistant. (rF++)
You are vulnerable to cold. (rC-)
You float through the air rather than walking.
You learn spells naturally, not from books.
Your magical power is your life essence.
You have superior vitality. (+4 MHP)


Message History

Casting: Iskenderun's Mystic Blast (mildly dangerous; 1% risk of failure)
Confirm with . or Enter, or press ? or * to list all spells.
Aiming: Fulminant Prism (mildly dangerous; 1% risk of failure)
Press: ? - help, Dir - move target You conjure a prism of explosive energy!
A fulminant prism comes into view.
Fannar hits your fulminant prism with a +0 quarterstaff of freezing.
Your fulminant prism explodes!
The blast of energy engulfs your fulminant prism!!
Your fulminant prism detonates feebly.
The blast of energy engulfs Fannar!!
Fannar is moderately wounded.
You hear a bellow!
Casting: Fulminant Prism (mildly dangerous; 1% risk of failure)
Confirm with . or Enter, or press ? or * to list all spells.
You erupt in a blast of force!
The mystic blast hits the naga!
The naga is severely wounded.
The naga is knocked back by the mystic blast.
The naga collides with the orange demon!
The orange demon is lightly wounded.
The naga is almost dead.
Fannar casts a spell.
Casting: Iskenderun's Mystic Blast (mildly dangerous; 1% risk of failure)
Confirm with . or Enter, or press ? or * to list all spells.
You erupt in a blast of force!
The mystic blast hits the naga!
You kill the naga!
The mystic blast hits the orange demon!!
The orange demon is heavily wounded.
The orange demon is knocked back by the mystic blast.
The orange demon slams into the rock wall!
The orange demon is heavily wounded.
You hear a bellow!
Amaemon whispers, "Once I find the ORB, I'll be cured.
I'll be normal again!"
Casting: Iskenderun's Mystic Blast (mildly dangerous; 1% risk of failure)
Confirm with . or Enter, or press ? or * to list all spells.
You conjure a globe of magical energy.
The orange demon barely misses you.
Fannar points at you and mumbles some strange words.
The bolt of cold hits you!!!
You feel a terrible chill!
Ouch! That really hurt!
You die...

P#....$
P##......
#.......#
........#
........## .
.....÷÷.*# ...
P....÷÷..#.....
$...÷÷.@..eY...
.....#.........
... #4).6.....
. #.........
..........
#..........
.#......(..
##..........


You could see Amaemon, Fannar, an orange demon (curare), an ice beast (summoned)
and a friendly battlesphere.

Vanquished Creatures
  A hydra (Lair:2)
  A two-headed ogre (D:8)
  2 death yaks (D:9)
  Sonja (Lair:1)
  Nergalle (D:10)
  A cyclops (D:9)
  2 black mambas
  A torpor snail (Lair:1)
  2 cane toads
  Maggie (Lair:1)
  2 komodo dragons
  3 rime drakes
  An unseen horror (D:10)
  A hornet (Lair:2)
  19 blink frogs
  A snapping turtle (Lair:2)
  2 shadows (D:9)
  25 yaks
  A wyvern (D:9)
  2 basilisks (Lair:1)
  2 steam dragons (D:9)
  4 vampire mosquitoes (D:10)
  A naga (Lair:3)
  7 water moccasins
  An acid dragon (D:10)
  3 ice beasts
  3 black bears
  14 orc warriors
  An ogre (D:6)
  3 centaurs
  17 wolves
  A phantom (D:5)
  6 bullfrogs
  A necrophage (D:7)
  A gnoll sergeant (D:5)
  3 scorpions
  6 wights
  5 killer bees (D:8)
  9 howler monkeys
  A centaur zombie (Ossuary)
  2 human zombies (Ossuary)
  2 hounds
  Crazy Yiuf (D:7)
  A gnoll bouda (D:7)
  A jelly (D:6)
  5 orc priests
  Ijyb (D:3)
  3 iguanas
  12 orc wizards
  2 mummies (Ossuary)
  17 gnolls
  Robin (D:3)
  9 adders
  3 river rats (Sewer)
  A shadow imp (D:6)
  4 white imps
  3 ufetubi (D:5)
  2 adder zombies (Ossuary)
  2 worms
  2 dart slugs (D:1)
  23 orcs
  12 ball pythons
  7 endoplasms
  7 giant cockroaches
  17 goblins
  6 hobgoblins
  2 quokkas
  2 bats (D:1)
  6 frilled lizards
  10 hobgoblin zombies (Ossuary)
  3 jackal zombies (Ossuary)
  20 kobolds
  6 kobold zombies (Ossuary)
  10 orc zombies (Ossuary)
  30 rats
  3 rat zombies (Ossuary)
  11 fulminant prisms
408 creatures vanquished.

Vanquished Creatures (collateral kills)
  3 goblins (D:3)
  A hobgoblin (D:3)
4 creatures vanquished.

Vanquished Creatures (others)
  120 fulminant prisms
  15 fungi
  36 plants
171 creatures vanquished.

Grand Total: 583 creatures vanquished

Notes
Turn   | Place    | Note
-------+----------+-------------------------------------------
     0 | D:1      | javelincjr the Djinni Conjurer began the quest for the Orb.
     0 | D:1      | javelincjr set off with the following spells memorised:
                  | Magic Dart, Searing Ray, Dazzling Flash, Fulminant Prism,
                  | Iskenderun's Mystic Blast.
     0 | D:1      | Reached XP level 1. HP: 15/15 MP: 0/0
   310 | D:1      | Reached XP level 2. HP: 14/21 MP: 0/0
   594 | D:1      | Found a faded altar of an unknown god.
   894 | D:1      | Reached XP level 3. HP: 23/25 MP: 0/0
   894 | D:1      | Learned a level 1 spell: Freeze
  1324 | D:2      | Found Juas's Antique Armour Shop.
  1387 | D:2      | Reached skill level 1 in Fighting
  2102 | D:3      | Reached skill level 4 in Spellcasting
  2102 | D:3      | Reached XP level 4. HP: 26/32 MP: 0/0
  2303 | D:3      | Noticed Ijyb
  2313 | D:3      | Killed Ijyb
  2567 | D:3      | Reached XP level 5. HP: 30/37 MP: 0/0
  2567 | D:3      | Learned a level 2 spell: Call Imp
  2599 | D:3      | Noticed Robin
  3124 | D:3      | Killed Robin
  3432 | D:3      | Found a shimmering altar of Xom.
  3432 | D:3      | Found a broken altar of Ashenzari.
  3664 | D:4      | Reached XP level 6. HP: 17/42 MP: 0/0
  4125 | D:4      | Found a snail-covered altar of Cheibriados.
  4452 | D:5      | Entered Level 5 of the Dungeon
  4844 | D:5      | Reached XP level 7. HP: 33/48 MP: 0/0
  4844 | D:5      | Learned a level 3 spell: Stone Arrow
  5090 | D:5      | Found a white marble altar of Elyvilon.
  5333 | D:5      | Reached skill level 1 in Short Blades
  5333 | D:5      | Reached skill level 5 in Spellcasting
  5669 | D:6      | Identified the +1 chain mail "Urabrom" {+Blink rF+ rCorr
                  | Int-3 Dex+2}
  5704 | D:6      | Found a sand-covered staircase.
  5709 | Ossuary  | Entered an ossuary
  5930 | Ossuary  | Reached XP level 8. HP: 4/54 MP: 0/0
  6105 | D:6      | Found a glowing drain.
  6116 | Sewer    | Entered a sewer
  6954 | D:6      | Found an ornate altar of the Wu Jian Council.
  7013 | D:6      | Reached skill level 5 in Dodging
  7148 | D:6      | Found a glowing golden altar of the Shining One.
  7298 | D:6      | Found a blossoming altar of Fedhas.
  7374 | D:6      | Reached skill level 6 in Spellcasting
  7617 | D:7      | Reached XP level 9. HP: 45/59 MP: 0/0
  7617 | D:7      | Learned a level 3 spell: Vampiric Draining
  7846 | D:7      | Found a staircase to the Ecumenical Temple.
  7949 | D:7      | Found a flagged portal.
  7959 | Bailey   | Entered a bailey
  8576 | Bailey   | Reached skill level 5 in Short Blades
  8576 | Bailey   | Reached skill level 7 in Spellcasting
  8836 | D:7      | Reached XP level 10. HP: 59/67 MP: 0/0
  8860 | D:7      | Reached skill level 1 in Evocations
  9142 | D:7      | Found a runed translucent door.
  9143 | D:7      | Noticed Crazy Yiuf
  9149 | D:7      | Killed Crazy Yiuf
  9402 | D:8      | Noticed a two-headed ogre
  9412 | D:8      | Killed a two-headed ogre
  9413 | D:8      | Reached skill level 8 in Spellcasting
  9755 | D:8      | Found a burning altar of Makhleb.
  9909 | D:8      | Identified the +0 flail "Fethyhaa" {freeze, rF+ rC+ Dex-2
                  | Stlth+}
 10904 | D:9      | Noticed a death yak
 10912 | D:9      | Noticed a death yak
 10913 | D:9      | Noticed a death yak
 10919 | D:9      | Noticed a cyclops
 11699 | D:9      | Reached skill level 9 in Spellcasting
 11773 | D:9      | Reached skill level 1 in Staves
 11957 | D:9      | Found a staircase to the Lair.
 11971 | D:9      | Killed a cyclops
 11972 | D:9      | Reached XP level 11. HP: 47/73 MP: 0/0
 11972 | D:9      | Learned a level 5 spell: Iskenderun's Battlesphere
 11988 | D:9      | HP: 1/73 [something (8)]
 11992 | D:9      | Killed a death yak
 11993 | D:9      | Reached skill level 5 in Stealth
 12359 | D:9      | Found a staircase to the Orcish Mines.
 12809 | D:9      | Killed a death yak
 13208 | D:10     | Entered Level 10 of the Dungeon
 13345 | D:10     | Reached skill level 10 in Spellcasting
 13535 | D:10     | Noticed Nergalle
 13543 | D:10     | Killed Nergalle
 13906 | Lair:1   | Entered Level 1 of the Lair of Beasts
 13927 | Lair:1   | Noticed Maggie
 13936 | Lair:1   | Killed Maggie
 13937 | Lair:1   | Reached skill level 1 in Armour
 13943 | Lair:1   | Reached XP level 12. HP: 43/79 MP: 0/0
 14531 | Lair:1   | Reached skill level 11 in Spellcasting
 14547 | Lair:1   | Noticed Sonja
 14560 | Lair:1   | Killed Sonja
 16226 | Lair:1   | Reached skill level 12 in Spellcasting
 16708 | Lair:2   | Identified a scroll of acquirement
 16708 | Lair:2   | Acquired a +1 shortbow of freezing
 17246 | Lair:2   | Reached XP level 13. HP: 72/85 MP: 0/0
 17246 | Lair:2   | Learned a level 5 spell: Agony
 17624 | Lair:2   | Found a staircase to the Shoals.
 18023 | Lair:3   | Noticed Amaemon
 18024 | Lair:3   | Noticed Fannar
 18030 | Lair:3   | Reached skill level 1 in Ranged Weapons
 18031 | Lair:3   | Noticed a five-headed hydra
 18033 | Lair:3   | Reached skill level 5 in Fighting
 18321 | Lair:2   | Killed a five-headed hydra
 18322 | Lair:2   | Reached skill level 5 in Armour
 18462 | Lair:3   | Killed from afar by Fannar

Illustrated notes

Levels and vault maps discovered:
D:1:      spicycebolla_arrival_transporter_tutorial, layout_basic,
          shapermc_ecumenical_altar_rom_forum
D:2:      layout_loops_ring, serial_shops, nicolae_shop_stone
D:3:      layout_rooms, gammafunk_temple_overflow_wave, uniq_ijyb, uniq_robin
D:4:      layout_loops_ring, mainiacjoe_overflow_catwalk,
          mainiacjoe_overflow_alcove_2, dreamdust_mushroom_princess
D:5:      layout_gridville, mainiacjoe_overflow_six_doors_small
D:6:      layout_loops_corners, kennysheep_mini, nicolae_wu_jian_wuxing_cycle,
          fedhas_altar_4, enter_ossuary_2, cheibrodos_sewer_entry_drain
D:7:      layout_rooms, minmay_temple_entry_metal_lava, enter_bailey_8,
          minmay_misc_feat_secret_circle, chequers_serial_rivers_room_b,
          uniq_crazy_yiuf_cottage
D:8:      layout_gridville, mainiacjoe_overflow_tiny_flanked
D:9:      layout_irregular_city, dpeg_lair_monsters, orc_0_dummy
D:10:     layout_grid_maze, lightli_minifort, uniq_snorg, uniq_nergalle
Lair:1:   layout_layer_cave, serial_bayou_pond_c, uniq_sonja, uniq_maggie
Lair:2:   layout_layer_cave, minmay_shoals_entry_hut, serial_bayou_pond_e
Lair:3:   layout_long_grid, guppyfry_snake_entry_island,
          hangedman_lair_unloving_vines, infiniplex_staircase_pool, uniq_fannar,
          uniq_nessos, uniq_amaemon

Skill      XL: |  1  2  3  4  5  6  7  8  9 10 11 12 13 |
---------------+----------------------------------------+-----
Stealth        | 2 3 4 5 |  5.3
Fighting       | 1 2 3 4 5 |  5.1
Spellcasting   | 4 5 6 7 9 10 12 | 12.8
Dodging        | 3 4 5 6 7 8 |  8.5
Short Blades   | 1 3 5 |  5.5
Evocations     | 1 |  1.3
Staves         | 1 3 |  3.8
Armour         | 1 3 5 |  5.0
Ranged Weapons | 2 |  2.3

Action                   |  1- 3 |  4- 6 |  7- 9 | 10-12 | 13-15 || total
-------------------------+-------+-------+-------+-------+-------++-------
Melee: Unarmed           |     5 |       |       |       |       ||     5
       Short sword       |    41 |       |       |       |       ||    41
       Dagger            |       |    91 |   158 |     1 |       ||   250
       Punch             |       |     2 |     1 |       |       ||     3
       Quarterstaff      |       |       |       |    60 |       ||    60
 Fire: Shortbow          |       |       |       |     8 |    14 ||    22
 Cast: Magic Dart        |    39 |    34 |    29 |    74 |       ||   176
       Searing Ray       |     3 |    11 |     9 |     1 |       ||    24
       Iskenderun's Myst |       |     5 |    30 |   108 |    31 ||   174
       Fulminant Prism   |       |     2 |    21 |   103 |     5 ||   131
       Call Imp          |       |     1 |     1 |     2 |       ||     4
       Vampiric Draining |       |       |    12 |       |     6 ||    18
       Iskenderun's Batt |       |       |       |    11 |     1 ||    12
Evoke: Wand              |       |       |     2 |     2 |       ||     4
  Use: Scroll            |       |     7 |     3 |    13 |       ||    23
       Potion            |       |       |     1 |     1 |       ||     2
 Stab: Sleeping          |     1 |       |     1 |       |       ||     2
       Distracted        |       |       |     1 |       |       ||     1
Armor: Robe              |    15 |    36 |    68 |    20 |       ||   139
       Leather armour    |       |       |       |    14 |       ||    14
       Swamp dragon scal |       |       |       |     2 |    10 ||    12
Dodge: Dodged            |    33 |    78 |   108 |    65 |    10 ||   294
       Repelled          |       |       |       |     3 |     1 ||     4
